 Dungeon Crawl Stone Soup version 0.29.1-15-g9cfb28693d (webtiles) character file.

Game seed: 6771858850470800461

17627 Artool the Fighter (level 12, -13/92 HPs)
             Began as a Demonspawn Fighter on Apr 6, 2023.
             Was an Elder of Hepliaklqana.
             Mangled by a cane toad (19 damage)
             ... on level 1 of the Lair of Beasts.
             The game lasted 00:32:25 (15458 turns).

Artool the Fighter (Demonspawn Fighter)            Turns: 15458, Time: 00:32:26

Health: -13/92     AC: 15    Str: 21    XL:     12   Next: 20%
Magic:  12/12      EV: 15    Int: 10    God:    Hepliaklqana [****..]
Gold:   637        SH:  9    Dex: 13    Spells: 11/11 levels left

rFire   + . .      SeeInvis .   a - +2 whip (flame)
rCold   . . .      Faith    .   c - +1 buckler
rNeg    + . .      Spirit   .   G - +1 chain mail of the Bulwark {rF+ rN+}
rPois   .          Reflect  .   (helmet restricted)
rElec   .          Harm     .   M - +0 cloak
rCorr   .          Rampage  .   B - +0 pair of gloves
Will    .....                   (no boots)
Stlth   ..........              (no amulet)
HPRegen 0.25/turn               l - +4 ring of slaying
MPRegen 0.13/turn               p - +4 ring of evasion

@: repel missiles
A: reduced essence, antennae 1, repulsion field 3, demonic guardian 2,
condensation shield
a: Renounce Religion, Recall Ancestor, Ancestor Identity, Transference, Idealise


You were on level 1 of the Lair of Beasts.
You worshipped Hepliaklqana.
Hepliaklqana was greatly pleased with you.
You visited 4 branches of the dungeon, and saw 15 of its levels.
You also visited: Sewer.

You collected 637 gold pieces.

Inventory:

Hand Weapons
 a - a +2 whip of flaming (weapon)
Missiles
 g - 3 javelins
 x - 21 poisoned darts (quivered)
 E - 2 silver boomerangs
Armour
 b - a +0 scale mail
 c - a +1 buckler (worn)
 B - a +0 pair of gloves (worn)
 G - the +1 chain mail of the Bulwark (worn) {rF+ rN+}
   (You found it on level 7 of the Dungeon)

   rF:        It protects you from fire.
   rN:        It protects you from negative energy.
 I - +0 steam dragon scales
 M - a +0 cloak (worn)
 N - +0 acid dragon scales
 Q - a +0 troll leather armour
Magical Staves
 J - a staff of death
Jewellery
 l - a +4 ring of slaying (left hand)
 p - a +4 ring of evasion (right hand)
 R - an amulet of faith
Wands
 j - a wand of charming (23)
 F - a wand of light (12)
 L - a wand of flame (30)
 O - a wand of roots (12)
 P - a wand of polymorph (2)
Scrolls
 e - 3 scrolls of amnesia
 k - 3 scrolls of blinking
 o - 6 scrolls of identify
 q - 5 scrolls of magic mapping {unknown}
 r - 7 scrolls of teleportation
 s - a scroll of enchant armour
 u - a scroll of torment {unknown}
 v - 2 scrolls of summoning
 y - a scroll of acquirement {unknown}
 z - 4 scrolls of silence
 A - a scroll of enchant weapon {unknown}
 D - a scroll of noise {unknown}
 H - 2 scrolls of fog
 K - 3 scrolls of fear {unknown}
Potions
 d - 3 potions of might
 f - 6 potions of curing
 h - a potion of mutation {unknown}
 i - 2 potions of haste {unknown}
 m - 3 potions of heal wounds {unknown}
 n - 5 potions of invisibility {unknown}
 t - 2 potions of ambrosia {unknown}
 w - 3 potions of flight {unknown}
 C - 3 potions of attraction {unknown}
 S - 2 potions of lignification {unknown}


   Skills:
 + Level 12.7 Fighting
 + Level 11.5 Maces & Flails
 - Level 10.0 Armour
 - Level 2.6 Shields


You had 11 spell levels left.
You didn't know any spells.
Your spell library contained the following spells:

 Spells                   Type           Power      Damage    Failure   Level
 Summon Small Mammal      Summ           0%         N/A       97%         1
 Scorch                   Fire           0%         2d5       99%         2
 Sublimation of Blood     Necr           0%         N/A       99%         2
 Wereblood                Tmut           0%         N/A       99%         2
 Call Canine Familiar     Summ           0%         N/A       100%        3
 Summon Guardian Golem    Hex/Summ       0%         N/A       100%        3
 Cause Fear               Hex            0%         N/A       100%        4
 Flame Wave               Conj/Fire      0%         2d4       100%        4
 Fulminant Prism          Conj/Hex       0%         3d6       100%        4
 Iskenderun's Mystic Bla  Conj/Tloc      0%         2d3       100%        4
 Lee's Rapid Deconstruct  Erth           0%         3d5*      100%        5
 Summon Cactus Giant      Summ           0%         N/A       100%        6
 Dragon Form              Tmut           0%         N/A       100%        7
 Summon Hydra             Summ           0%         N/A       100%        7
 Dragon's Call            Summ           0%         N/A       100%        9


Dungeon Overview and Level Annotations

Branches:
Dungeon (11/15)            Temple (1/1) D:5            Lair (2/5) D:10
    Orc (1/2) D:9           Sewer (visited)
  Swamp: Lair:2-3    Shoals: Lair:2-3     Snake: Lair:2-3    Spider: Lair:2-3

Altars:
Ashenzari
Cheibriados
Dithmenos
Fedhas
Gozag
Hepliaklqana
Kikubaaqudgha
Makhleb
Nemelex Xobeh
Okawaru
Qazlal
Ru
Sif Muna
Trog
Uskayaw
Vehumet
Wu Jian
Xom
Yredelemnul

Shops:
D:8 (


Innate Abilities, Weirdness & Mutations

Your life essence is reduced to manifest your ancestor. (-10% HP)
You have a pair of small antennae on your head.
You are surrounded by a strong repulsion field. (EV +4, RMsl)
A demonic guardian rushes to your aid.
A meltable shield of frost defends you. (SH +4)


Message History

The water moccasin bites you but does no damage.
The water moccasin attacks as you move away!
The water moccasin closely misses you.
You feel sick.
You are no longer poisoned.
The water moccasin misses you.
The water moccasin attacks as you move away!
The water moccasin bites you but does no damage.
You block the water moccasin's attack.
The water moccasin attacks as you move away!
The water moccasin bites you but does no damage.
You block the water moccasin's attack. The water moccasin misses you. x2
The water moccasin bites you but does no damage.
The water moccasin attacks as you move away!
The water moccasin misses you.
The water moccasin attacks as you move away!
You block the water moccasin's attack. The water moccasin closely misses you.
The water moccasin attacks as you move away!
The water moccasin barely misses you. You block the water moccasin's attack.
The water moccasin attacks as you move away!
You block the water moccasin's attack. The water moccasin bites you.
* * * LOW HITPOINT WARNING * * *
A demonic guardian appears!
You are poisoned.
The water moccasin poisons you! You block the water moccasin's attack.
You feel very sick. The cane toad barely misses you.
Your sun demon hits the water moccasin!
The water moccasin is engulfed in flames!!
The water moccasin dies!
The water moccasin bites you.
* * * LOW HITPOINT WARNING * * *
You feel better. You block the cane toad's attack.
You block the water moccasin's attack. The cane toad stings you!
* * * LOW HITPOINT WARNING * * *
Your sun demon hits the water moccasin!
The water moccasin is engulfed in flames!!
The water moccasin dies!
The cane toad attacks as you move away! The cane toad stings you!!
You die...

.##........# #........## ####.R
...#..###### ##......## ###
.....#.# ##....## ##P.
.......#### #..P.# ###...
...##.....## #...## #.....
.######....### ##...#######....^
.#...........### ##..##..........
..#............####..##..........
..#.............@##...##.........
###........###...F.#.............
# ##......## ###..3..............
# ##....## ##..†....#........ #
#...## ###...###........ # #####
##..# ##....... # ##.## #.......
# ##..#####..... # #....# ##....


You could see a cane toad (ally target) and a friendly sun demon (summoned).

Vanquished Creatures
  A catoblepas (Lair:1)
  A sixfirhy (D:11)
  Maurice (D:9)
  2 cane toads
  A hellwing (D:10)
  A troll (D:10)
  A hornet (D:7)
  Prince Ribbit (D:6)
  A shadow (D:10)
  12 yaks
  2 wyverns
  2 vampire mosquitoes
  2 basilisks (D:10)
  3 steam dragons
  7 water moccasins
  2 orc warriors (D:9)
  An ice beast (D:4)
  A black bear (Lair:2)
  3 ogres
  3 centaurs
  A phantom (D:5)
  3 kobold brigands
  A gnoll sergeant (D:8)
  7 bullfrogs
  6 scorpions
  A necrophage (D:4)
  11 wights
  8 killer bees
  A howler monkey (D:6)
  2 jellies
  A quasit (D:10)
  8 hounds
  8 orc priests
  5 iguanas
  5 orc wizards
  3 gnolls
  12 adders
  2 river rats
  A shadow imp (D:6)
  A white imp (D:5)
  2 ufetubi (D:6)
  2 worms
  2 dart slugs
  31 orcs
  7 bats
  12 endoplasms
  6 giant cockroaches
  3 goblins
  7 hobgoblins
  A jackal (D:1)
  11 kobolds
  9 quokkas
  7 ball pythons
  2 frilled lizards
  14 rats
251 creatures vanquished.

Vanquished Creatures (collateral kills)
  2 two-headed ogres (D:10)
  Pikel (D:4)
  An ugly thing (D:11)
  A rust devil (D:10)
  A black mamba (Lair:2)
  A cane toad (Lair:1)
  A gargoyle (D:10)
  An unseen horror (D:10)
  Maggie (D:7)
  A komodo dragon (D:10)
  6 yaks
  2 wyverns
  An acid dragon (D:9)
  4 water moccasins
  A sky beast (D:7)
  3 orc warriors
  A lemure (D:4)
  A scorpion (D:5)
  2 wights (D:8)
  4 killer bees
  A gnoll bouda (D:7)
  3 orc priests
  An orc wizard (D:10)
  3 gnolls
  An adder (D:5)
  6 orcs
  A ball python (D:3)
  7 kobolds (D:7)
59 creatures vanquished.

Vanquished Creatures (others)
  A cane toad (Lair:1)
  3 hexers
  An ancestor (D:5)
  A demonic plant (D:11)
  5 fungi (D:4)
  2 plants
13 creatures vanquished.

Grand Total: 323 creatures vanquished

Notes
Turn   | Place    | Note
-------+----------+-------------------------------------------
     0 | D:1      | Artool the Demonspawn Fighter began the quest for the Orb.
     0 | D:1      | Reached XP level 1. HP: 18/18 MP: 1/1
    35 | D:1      | Found a faded altar of an unknown god.
   197 | D:1      | Gained mutation: A meltable shield of frost defends you.
                  | (SH +4) [demonic ancestry]
   197 | D:1      | Reached XP level 2. HP: 20/24 MP: 2/2
   780 | D:1      | Gained mutation: A weak demonic guardian rushes to your
                  | aid. [demonic ancestry]
   780 | D:1      | Reached XP level 3. HP: 29/29 MP: 3/3
  1840 | D:3      | Reached XP level 4. HP: 28/37 MP: 4/4
  2515 | D:2      | Reached skill level 4 in Fighting
  2642 | D:3      | Found a radiant altar of Vehumet.
  2682 | D:3      | Gained mutation: You have a pair of small antennae on your
                  | head. [demonic ancestry]
  2682 | D:3      | Reached XP level 5. HP: 42/42 MP: 5/5
  3745 | D:4      | Gained mutation: You are surrounded by a mild repulsion
                  | field. (EV +2) [demonic ancestry]
  3745 | D:4      | Reached XP level 6. HP: 33/49 MP: 6/6
  3907 | D:4      | Reached skill level 5 in Fighting
  3963 | D:4      | Gained mutation: A demonic guardian rushes to your aid.
                  | [demonic ancestry]
  3963 | D:4      | Reached XP level 7. HP: 42/56 MP: 7/7
  4455 | D:4      | Reached skill level 5 in Armour
  4971 | D:5      | Entered Level 5 of the Dungeon
  4995 | D:5      | Found a staircase to the Ecumenical Temple.
  5005 | Temple   | Entered the Ecumenical Temple
  5229 | Temple   | Became a worshipper of Hepliaklqana the Forgotten
  5400 | D:5      | Found a glowing drain.
  5414 | D:5      | Reached skill level 5 in Maces & Flails
  5422 | D:5      | Reached skill level 6 in Fighting
  5425 | Sewer    | Entered a sewer
  5812 | Sewer    | Reached XP level 8. HP: 61/64 MP: 8/8
  6102 | D:5      | Reached * piety under Hepliaklqana
  6323 | D:5      | Noticed Pikel
  6424 | D:4      | Killed Pikel
  6425 | D:4      | Reached skill level 7 in Fighting
  6805 | D:5      | Identified the +2 ring mail "Daewais" {Harm Drain Str+4
                  | SInv}
  7031 | D:6      | You fall into a shaft and drop 1 floor!
  7044 | D:7      | Identified the +1 chain mail of the Bulwark {rF+ rN+}
  7113 | D:6      | Noticed Prince Ribbit
  7123 | D:6      | Killed Prince Ribbit
  7124 | D:6      | Reached XP level 9. HP: 60/64 MP: 9/9
  7370 | D:6      | Reached skill level 8 in Fighting
  7945 | D:7      | Noticed Maggie
  7958 | D:7      | Killed Maggie
  8337 | D:7      | Reached ** piety under Hepliaklqana
  8338 | D:7      | Remembered your ancestor Zosia as a hexer
  8633 | D:7      | Gained mutation: You are surrounded by a moderate repulsion
                  | field. (EV +3) [demonic ancestry]
  8633 | D:7      | Reached XP level 10. HP: 45/73 MP: 10/10
  8786 | D:7      | Reached skill level 9 in Fighting
  8869 | D:7      | Found a broken altar of Ashenzari.
  8958 | D:7      | Found a basalt altar of Yredelemnul.
  9337 | D:8      | Found Ryecibuh's Hydra Hut.
  9339 | D:8      | Noticed a seven-headed hydra
 10727 | D:9      | Reached skill level 10 in Fighting
 11020 | D:9      | Noticed Maurice
 11028 | D:9      | Killed Maurice
 11029 | D:9      | Gained mutation: You are surrounded by a strong repulsion
                  | field. (EV +4, RMsl) [demonic ancestry]
 11029 | D:9      | Reached XP level 11. HP: 82/82 MP: 11/11
 11148 | D:9      | Found a snail-covered altar of Cheibriados.
 11149 | D:9      | Found a stormy altar of Qazlal.
 11161 | D:9      | Reached *** piety under Hepliaklqana
 11220 | D:9      | Found an ornate altar of the Wu Jian Council.
 11310 | D:9      | Found a staircase to the Orcish Mines.
 11486 | Orc:1    | Entered Level 1 of the Orcish Mines
 11486 | Orc:1    | Noticed an orc warlord
 11508 | D:10     | Entered Level 10 of the Dungeon
 11558 | D:10     | Noticed a two-headed ogre
 11929 | D:10     | Killed a two-headed ogre
 11930 | D:10     | Reached skill level 10 in Armour
 12103 | D:10     | Reached skill level 11 in Fighting
 12195 | D:10     | Reached skill level 10 in Maces & Flails
 12262 | D:10     | Found a staircase to the Lair.
 12911 | D:11     | Noticed a sixfirhy
 12918 | D:11     | Noticed a brown ugly thing
 12923 | D:11     | Killed a sixfirhy
 12926 | D:11     | Noticed a two-headed ogre
 12927 | D:11     | Killed a brown ugly thing
 13087 | D:10     | Killed a two-headed ogre
 13341 | Lair:1   | Entered Level 1 of the Lair of Beasts
 13457 | Lair:1   | Reached **** piety under Hepliaklqana
 13462 | Lair:1   | Reached skill level 12 in Fighting
 13642 | Lair:1   | Noticed a catoblepas
 13716 | Lair:1   | Killed a catoblepas
 13717 | Lair:1   | Reached XP level 12. HP: 31/91 MP: 12/12
 14459 | Lair:1   | HP: 2/92 [poisoned by a cane toad]
 15458 | Lair:1   | Mangled by a cane toad

Illustrated notes

Levels and vault maps discovered:
D:1:      saegor_arrival_simple_a, layout_loops_cross, basic_ecumenical_altar,
          minmay_ruptured
D:2:      layout_loops_corners
D:3:      layout_loops_ring, mainiacjoe_overflow_brackets
D:4:      old_forge, layout_basic
D:5:      layout_gridville, minmay_temple_entry_mini_moons,
          portal_sewer_entry_e, uniq_pikel
D:6:      layout_basic, uniq_prince_ribbit1
D:7:      layout_cave_pools, cheibrodos_ashenzari_chains, kennysheep_little_box,
          uniq_maggie
D:8:      layout_loops_ring, doesnt_shop_hydraphobe
D:9:      layout_stronghold, tso_metal_star, elyvilon_altar_5,
          mainiacjoe_overflow_concentric_impassable,
          gammafunk_temple_overflow_statue, wad_floor_pattern_untrapped,
          uniq_maurice
D:10:     layout_cave_pools, erik_lair_dragon, serial_park, serial_park_avenue1,
          serial_park_tiny_2, st_stairs_10, hangedman_decor_push, minivault_26
D:11:     layout_rooms, serial_demonic, serial_demonic_e, serial_demonic_b,
          serial_demonic_e, serial_demonic_a, serial_demonic_c, serial_demonic_g
Temple:   minmay_temple_curvy_branch
Lair:1:   layout_cave_pods, serial_bayou_shore_b
Lair:2:   layout_cave_pods, serial_bayou_pond_e, beast_lair_carwin_8
Orc:1:    layout_caves

Skill      XL: |  1  2  3  4  5  6  7  8  9 10 11 |
---------------+----------------------------------+-----
Maces & Flails | 2 3 4 5 6 7 9 11 | 11.5
Armour         | 3 4 5 6 8 9 10 | 10.0
Fighting       | 4 5 6 7 8 10 12 | 12.7
Shields        | |  2.6

Action                   |  1- 3 |  4- 6 |  7- 9 | 10-12 || total
-------------------------+-------+-------+-------+-------++-------
Melee: Flail             |   119 |    26 |       |       ||   145
       Whip              |       |   142 |   388 |   544 ||  1074
Throw: Dart              |       |       |       |     5 ||     5
Invok: Recall Ancestor   |       |       |     3 |       ||     3
       Ancestor Identity |       |       |     1 |       ||     1
       Ancestor Life: He |       |       |     1 |       ||     1
  Use: Scroll            |       |       |    10 |       ||    10
       Potion            |       |       |       |     4 ||     4
 Stab: Distracted        |       |       |       |    10 ||    10
       Confused          |       |       |       |     9 ||     9
       Petrified         |       |       |       |     3 ||     3
Armor: Scale mail        |    46 |    49 |    79 |       ||   174
       Chain mail        |       |       |       |   133 ||   133
Dodge: Dodged            |    58 |   121 |   215 |   243 ||   637
       Repelled          |       |       |       |     2 ||     2
Block: Buckler           |    44 |    97 |   190 |   192 ||   523
